 Dungeon Crawl Stone Soup version 0.27.1 (webtiles) character file.

Game seed: 9851408646265322745

5 tevo3000 the Covered (level 1, 0/14 HPs)
             Began as a Gargoyle Fighter on Aug 22, 2021.
             Slain by a hobgoblin (1 damage)
             ... on level 1 of the Dungeon on Sept 4, 2021.
             The game lasted 00:01:22 (64 turns).

tevo3000 the Covered (Gargoyle Fighter)               Turns: 64, Time: 00:01:22

Health: 0/14       AC:  9    Str: 19    XL:     1   Next: 80%
Magic:  1/1        EV:  7    Int:  8    God:
Gold:   10         SH:  9    Dex:  9    Spells: 0/0 levels left

rFire    . . .     SeeInvis .   a - +0 flail
rCold    . . .     Faith    .   c - +0 kite shield
rNeg     + . .     Spirit   .   b - +0 scale mail
rPois    ∞         Reflect  .   (no helmet)
rElec    +         Harm     .   (no cloak)
rCorr    .         Rampage  .   (no gloves)
Will     .....                  (no boots)
Stlth    ..........             (no amulet)
HPRegen  0.04/turn              (no ring)
MPRegen  0.07/turn              (no ring)

@: no status effects
A: sickness immunity, AC +2, negative energy resistance 1, electricity
resistance, torment resistance 1, petrification resistance
a: no special abilities


You were on level 1 of the Dungeon.
You visited 1 branch of the dungeon, and saw 1 of its levels.

You collected 10 gold pieces.

Inventory:

Hand Weapons
 a - a +0 flail (weapon)
Armour
 b - a +0 scale mail (worn)
 c - a +0 kite shield (worn)
Scrolls
 e - a scroll of identify {unknown}
Potions
 d - a potion of might


   Skills:
 + Level 3.3 Fighting
 * Level 2.2 Maces & Flails
 * Level 3.4 Armour
 - Level 3.2 Shields


You couldn't memorise any spells.
You didn't know any spells.
Your spell library was empty.

Dungeon Overview and Level Annotations

Branches:
Dungeon (1/15)

Altars:


Innate Abilities, Weirdness & Mutations

You are immune to sickness and miasma.
Your stone body is resilient. (AC +2)
You are immune to poison.
You resist negative energy. (rN+)
You are resistant to electric shocks. (rElec)
You are resistant to unholy torment.
You are immune to petrification.


Message History

The quokka is almost dead.
You block the bat's attack.
The quokka bites you but does no damage.
You block the hobgoblin's attack. The bat barely misses you.
The quokka bites you but does no damage.
You block the hobgoblin's attack.
You closely miss the quokka.
The quokka is almost dead.
You block the bat's attack. The quokka barely misses you.
The hobgoblin hits you but does no damage.
The quokka closely misses you.
You barely miss the quokka.
The quokka is almost dead.
The bat hits you but does no damage. You block the hobgoblin's attack.
The quokka barely misses you. The hobgoblin closely misses you.
The quokka bites you but does no damage.
The bat hits you but does no damage.
You thump the quokka!
You kill the quokka!
The bat hits you but does no damage.
The hobgoblin hits you but does no damage.
The bat hits you but does no damage.
A hobgoblin comes into view.
You block the bat's attack.
You see here a quokka corpse.
The bat hits you but does no damage.
You barely miss the hobgoblin. The bat hits you but does no damage.
The hobgoblin hits you. The bat closely misses you. The hobgoblin hits you.
* * * LOW HITPOINT WARNING * * *
You barely miss the hobgoblin. The bat hits you but does no damage.
You block the hobgoblin's attack. The hobgoblin barely misses you.
You closely miss the hobgoblin. The bat hits you but does no damage.
You block the hobgoblin's attack. The hobgoblin hits you.
* * * LOW HITPOINT WARNING * * *
The bat hits you but does no damage. You block the hobgoblin's attack.
The hobgoblin hits you but does no damage.
You sock the hobgoblin!
You kill the hobgoblin!
The bat hits you but does no damage. The hobgoblin hits you.
You die...

#.. .. #.g# .#
#..# .# #..#
###.## #..#
#....# #..#
#....#
#..####g...#
#....b†@.?.#
#..............
#..####........
#..# #....##..
#..# #....# .
#..#####.###
#........#
#..####..# #..#
#..#


You could see a hobgoblin and a bat.

Vanquished Creatures
  A dart slug (D:1)
  A hobgoblin (D:1)
  A kobold (D:1)
  A quokka (D:1)
4 creatures vanquished.

Notes
Turn   | Place    | Note
-------+----------+-------------------------------------------
     0 | D:1      | tevo3000 the Gargoyle Fighter began the quest for the Orb.
     0 | D:1      | Reached XP level 1. HP: 14/14 MP: 1/1
    64 | D:1      | Slain by a hobgoblin

Illustrated notes

Levels and vault maps discovered:
D:1:      dpeg_arrival_boxes_within_box, layout_basic, hangedman_decor_push

Action                   || total
-------------------------++-------
Melee: Flail             ||    24
Armor: Scale mail        ||    36
Dodge: Dodged            ||    26
Block: Kite shield       ||    25
